 Dungeon Crawl Stone Soup version 0.24-a0-254-gf493760 (webtiles) character file.

Game seed: 17664991988183504898

1509 Lanoc the Ruffian (level 8, -6/66 HPs)
             Began as a Purple Draconian Transmuter on Apr 18, 2019.
             Mangled by a wight
             ... wielding a cursed +4 war axe of freezing
              (12 damage)
             ... on level 6 of the Dungeon.
             The game lasted 00:11:46 (4714 turns).

Lanoc the Ruffian (Purple Draconian Transmuter)     Turns: 4714, Time: 00:11:47

Health: -6/66      AC:  8    Str: 14    XL:     8   Next: 53%
Magic:  13/15      EV: 13    Int: 14    God:
Gold:   230        SH:  0    Dex: 17    Spells: 6/17 levels left

rFire    . . .     SeeInvis .     - Unarmed
rCold    . . .     Gourm    .   (no shield)
rNeg     . . .     Faith    .   (armour unavailable)
rPois    .         Spirit   .   (helmet restricted)
rElec    .         Reflect  .   (no cloak)
rCorr    +         Harm     .   (no gloves)
MR       +....                  n - +1 pair of boots
Stlth    ++........             (no amulet)
HPRegen  0.21/turn              k - ring of resist corrosion
MPRegen  0.14/turn              q - +5 ring of dexterity

@: short of breath, appendage, slowed, drained, very slow
A: breathe power, unfitting armour, horns 2, cold-blooded, AC +6
a: Breathe Dispelling Energy, End Transformation


You were on level 6 of the Dungeon.
You were not hungry.
You had grown temporary horns.
You visited 2 branches of the dungeon, and saw 7 of its levels.

You collected 279 gold pieces.
You spent 49 gold pieces at shops.

Inventory:

Missiles
 a - 90 arrows
 h - 2 throwing nets (quivered)
Armour
 n - a +1 pair of boots (worn)
Jewellery
 k - a ring of resist corrosion (left hand)
 q - a +5 ring of dexterity (right hand)
Wands
 r - a wand of iceblast (18)
 s - a wand of random effects (46)
Scrolls
 d - a scroll of immolation {unknown}
 g - 4 scrolls of teleportation
 i - 3 scrolls of remove curse {unknown}
 j - 4 scrolls of enchant armour {unknown}
 l - a scroll of blinking
 v - a scroll of noise {unknown}
Potions
 b - 6 potions of heal wounds
 e - a potion of haste
 f - 3 potions of curing
 m - a potion of berserk rage
 o - a potion of flight
 p - 4 potions of agility
 u - a potion of mutation {unknown}
Comestibles
 c - 7 rations
 t - 8 chunks of flesh


   Skills:
 + Level 4.2(3.2) Fighting
 + Level 4.0(3.0) Dodging
 * Level 6.5(5.4) Unarmed Combat
 - Level 5.0(4.0) Spellcasting
 * Level 6.0(4.9) Transmutations


You had 6 spell levels left.
You knew the following spells:

 Your Spells              Type           Power        Failure   Level  Hunger
a - Beastly Appendage     Tmut           ###...       2%          1    None
b - Sticks to Snakes      Tmut           ###.....     3%          2    ##.....
c - Spider Form           Tmut/Pois      #.........   22%         3    ###....
d - Blade Hands           Tmut           ###.......   56%         5    ######.

Your spell library contained the following spells:

 Spells                   Type           Power        Failure   Level  Hunger
 Magic Dart               Conj           #...         19%         1    None
 Blink                    Tloc           N/A          28%         2    ##.....
 Call Imp                 Summ           #.......     28%         2    ##.....
 Slow                     Hex            #.......     28%         2    ##.....
 Conjure Flame            Conj/Fire      #.......     50%         3    ###....
 Mephitic Cloud           Conj/Pois/Air  #.......     50%         3    ###....
 Ice Form                 Ice/Tmut       #.......     56%         4    ####...


Dungeon Overview and Level Annotations

Branches:
Dungeon (6/15)             Temple (1/1) D:4

Altars:
Ashenzari
Cheibriados
Fedhas
Kikubaaqudgha
Makhleb
Qazlal
Sif Muna
Trog
Uskayaw
Vehumet
Wu Jian
Xom
Yredelemnul

Shops:
D:4 *

Annotations:
D:3 Grinder


Innate Abilities, Weirdness & Mutations

You can breathe bolts of dispelling energy.
Your rich purple scales are hard. (AC +6)
You cannot fit into any form of body armour.
You are cold-blooded and may be slowed by cold attacks.
You have a pair of horns on your head.


Message History

You are too injured to fight recklessly!
Press: ? - help, Shift-Dir - straight line, f - wight
Aim: a wight, wielding a +4 war axe of freezing and wearing a +0 robe You breathe a bolt of dispelling energy.
The bolt of dispelling energy misses the wight.
You feel somewhat more hungry.
You feel yourself speed up.
The wight hits you with a cursed +4 war axe of freezing!
You feel yourself slow down. The wight freezes you.
Casting: Beastly Appendage (safe; 1% risk of failure)
Confirm with . or Enter, or press ? or * to list all spells.
You create a snake!
You now have 90 arrows.
The wight hits you with a cursed +4 war axe of freezing!
* * * LOW HITPOINT WARNING * * *
You feel drained.
* * * LOW HITPOINT WARNING * * *
The wight freezes you.
* * * LOW HITPOINT WARNING * * *
The wight hits you with a cursed +4 war axe of freezing!
You die...

# # .#.
#.#####.#######
#......Z.......
#z# ###@###
#.....#
#.S...#####
#.........#
#.....###.#
#.....# #.#
####### #.# #.#
#.#


You could see a wight, a hound skeleton and a friendly adder.

Vanquished Creatures
  Sigmund (D:2)
  A black bear (D:6)
  An ice beast (D:6)
  An orc warrior (D:6)
  A sky beast (D:6)
  An ogre (D:6)
  2 bullfrogs (D:6)
  A crimson imp (D:5)
  A bullfrog skeleton (D:4)
  A centaur skeleton (D:4)
  2 hounds
  2 orc priests
  Natasha (thrice) (D:2)
  An iguana (D:4)
  Terence (D:3)
  3 orc wizards
  6 worker ants
  A hound skeleton (D:6)
  A worker ant zombie (D:5)
  11 adders
  An ooze (D:2)
  A worm (D:4)
  3 leopard geckos (D:4)
  11 orcs
  A ball python (D:1)
  5 giant cockroaches
  4 goblins
  7 hobgoblins
  7 jackals
  A quokka (D:3)
  11 bats
  4 frilled lizards
  8 kobolds
  A quokka skeleton (D:4)
  2 rats
109 creatures vanquished.

Vanquished Creatures (collateral kills)
  A worm (D:1)
  3 orcs
  2 giant cockroaches
  A jackal (D:3)
7 creatures vanquished.

Grand Total: 116 creatures vanquished

Notes
Turn   | Place    | Note
-------+----------+-------------------------------------------
     0 | D:1      | Lanoc the Draconian Transmuter began the quest for the Orb.
     0 | D:1      | Reached XP level 1. HP: 16/16 MP: 3/3
    96 | D:1      | Reached XP level 2. HP: 12/23 MP: 3/5
   757 | D:1      | Learned a level 2 spell: Sticks to Snakes
   783 | D:1      | Reached XP level 3. HP: 11/28 MP: 2/6
  1139 | D:2      | Noticed Sigmund
  1175 | D:2      | HP: 1/28 [something/magic dart (6)]
  1179 | D:2      | Killed Sigmund
  1179 | D:2      | Reached XP level 4. HP: 36/36 MP: 0/7
  1179 | D:2      | Reached XP level 5. HP: 41/41 MP: 0/8
  1405 | D:2      | Noticed Natasha
  1413 | D:2      | Killed Natasha
  1501 | D:2      | Learned a level 3 spell: Spider Form
  1551 | D:2      | Noticed Natasha
  1559 | D:2      | Killed Natasha
  1559 | D:2      | Reached XP level 6. HP: 39/50 MP: 6/10
  1839 | D:2      | Noticed Natasha
  1851 | D:2      | Killed Natasha
  2179 | D:3      | Noticed Terence
  2192 | D:3      | Killed Terence
  2479 | D:3      | Noticed Grinder
  2628 | D:4      | Found a shimmering altar of Xom.
  2650 | D:4      | Your scales start taking on a rich purple colour.
  2650 | D:4      | Reached XP level 7. HP: 28/57 MP: 9/12
  2651 | D:4      | Reached skill level 5 in Unarmed Combat
  2734 | D:4      | Found a bloodstained altar of Trog.
  2750 | D:4      | Found a stormy altar of Qazlal.
  3087 | D:4      | Found Juyxorr's Assorted Antiques.
  3090 | D:4      | Bought a scroll labeled WEZXOO XUNKIUR for 26 gold pieces
  3090 | D:4      | Bought a murky brown potion for 23 gold pieces
  3152 | D:4      | Found a staircase to the Ecumenical Temple.
  3222 | Temple   | Entered the Ecumenical Temple
  3643 | D:5      | Entered Level 5 of the Dungeon
  3734 | D:5      | Learned a level 5 spell: Blade Hands
  4293 | D:6      | Reached skill level 5 in Transmutations
  4355 | D:6      | Reached XP level 8. HP: 66/66 MP: 11/14
  4381 | D:6      | Found an ancient bone altar of Kikubaaqudgha.
  4576 | D:6      | Reached skill level 5 in Spellcasting
  4714 | D:6      | Mangled by a wight

Levels and vault maps discovered:
D:1:      lightli_arrival_flooded_house, layout_rooms
D:2:      layout_basic, minmay_small_reverse_x, uniq_sigmund, uniq_natasha
D:3:      layout_basic, uniq_terence, uniq_grinder
D:4:      layout_basic, bloody_trog, xom_butterflies,
          nicolae_qazlal_general_emergency, minmay_temple_entry_nine_rooms,
          first_ration, serial_shops, shop
D:5:      layout_cave_pools, hangedman_abyss_or_decor_stabs
D:6:      layout_loops_ring, kiku_gazebo_garden_becter
Temple:   kb_temple_of_zot

Skill      XL: |  1  2  3  4  5  6  7  8 |
---------------+-------------------------+-----
Dodging        | 2 3 4 |  4.0
Fighting       | 2 3 4 |  4.2
Unarmed Combat | 4 5 6 |  6.5
Transmutations | 3 4 5 6 |  6.0
Spellcasting   | 3 4 5 |  5.0

Action                   |  1- 3 |  4- 6 |  7- 9 || total
-------------------------+-------+-------+-------++-------
Melee: Unarmed           |   104 |   168 |   170 ||   442
       Tailslap          |    12 |    15 |    23 ||    50
       Headbutt          |     3 |    10 |    14 ||    27
       Punch             |     1 |     2 |     3 ||     6
       Kick              |     2 |    25 |     2 ||    29
Throw: Throwing net      |     4 |       |       ||     4
 Cast: Beastly Appendage |     9 |    20 |    13 ||    42
       Sticks to Snakes  |     4 |     6 |     3 ||    13
       Spider Form       |       |       |     4 ||     4
 Abil: Breathe Dispellin |       |       |     3 ||     3
  Use: Potion            |     2 |       |     1 ||     3
       Scroll            |       |       |     8 ||     8
 Stab: Sleeping          |       |     4 |     1 ||     5
       Distracted        |       |       |     1 ||     1
  Eat: Chunk             |     1 |     6 |     8 ||    15
Armor: Skin              |    51 |    48 |    26 ||   125
Dodge: Dodged            |    93 |    97 |   129 ||   319

Table legend:
 A = Non-vault XP
 B = Vault XP
 C = Vault XP percentage of total XP
 D = Non-vault monster count
 E = Vault monster count
 F = Vault count percentage of total count
                 A         B        C        D         E       F
            +---------+---------+-------+---------+---------+-------
      Total |    1874 |     282 |  13.1 |     109 |       7 |   6.0
            +---------+---------+-------+---------+---------+-------
        D:1 |      42 |       0 |   0.0 |      18 |       0 |   0.0
        D:2 |     167 |     246 |  59.6 |      23 |       6 |  20.7
        D:3 |      97 |      36 |  27.1 |      22 |       1 |   4.3
        D:4 |     314 |       0 |   0.0 |      19 |       0 |   0.0
        D:5 |     276 |       0 |   0.0 |      12 |       0 |   0.0
        D:6 |     978 |       0 |   0.0 |      15 |       0 |   0.0
            +---------+---------+-------+---------+---------+-------
